General information
- name: BNet
- type: Ladder team game (AT/RT)
- host: Battle.net
- saver: Gobiner
map: UpperKingdom
- players: 6
- length: 27:07
- speed: Fast
- version: 1.24 W3XP
- replay type: Public
» download(197 KB)
Players
team 1 (winner)
DanQuinnsAbs (
pink | 91 APM | 2463 actions | 27:07)
5 Archmage
3 Blizzard
2 Brilliance Aura
4 Mountain King
2 Storm Bolt
2 Bash
4 Paladin
2 Holy Light
1 Divine Shield
1 Devotion Aura
» actions
| Assign group hotkey | 25 | |
| Basic commands | 82 | |
| Build / train | 93 | |
| ESC pressed | 2 | |
| Enter build submenu | 42 | |
| Enter hero's abilities submenu | 13 | |
| Give item / drop item | 5 | |
| Right click | 1069 | |
| Select / deselect | 516 | |
| Select group hotkey | 429 | |
| Use ability | 187 | |
2463 total
» units
| Peasant | 16 | |
| Blue Dragonspawn Meddler | 1 | |
| Magnataur Warrior | 1 | |
| Barbed Arachnathid | 1 | |
| Priest | 6 | |
| Sorceress | 4 | |
29 total
» upgrades
| Masonry | 3 | |
| Magic Sentry | 1 | |
| Priest Training | 2 | |
| Sorceress Training | 2 | |
| Lumber Harvesting | 2 | |
| Backpack | 1 | |
11 total
» buildings
| Altar of Kings | 1 | |
| Farm | 6 | |
| Scout Tower | 34 | |
| Lumber Mill | 1 | |
| Arcane Tower | 8 | |
| Guard Tower | 17 | |
| Keep | 1 | |
| Arcane Sanctum | 1 | |
| Castle | 1 | |
| Arcane Vault | 2 | |
| Town Hall | 1 | |
73 total
» build order
00:06 Altar of Kings
00:20 Farm
00:27 Scout Tower
00:42 Lumber Mill
00:55 Arcane Tower
01:47 Farm
02:39 Scout Tower
02:43 Scout Tower
03:05 Farm
03:31 Guard Tower
03:32 Guard Tower
03:37 Farm
03:42 Scout Tower
04:18 Guard Tower
04:19 Scout Tower
04:47 Scout Tower
04:49 Keep
05:11 Arcane Tower
05:52 Guard Tower
05:58 Scout Tower
05:59 Scout Tower
06:16 Farm
06:21 Farm
06:24 Scout Tower
06:30 Scout Tower
06:31 Scout Tower
06:38 Arcane Tower
06:40 Guard Tower
06:54 Guard Tower
06:56 Scout Tower
07:31 Arcane Sanctum
07:34 Guard Tower
08:35 Castle
08:37 Guard Tower
09:37 Arcane Vault
09:40 Scout Tower
09:40 Scout Tower
09:56 Arcane Vault
10:15 Scout Tower
10:16 Scout Tower
10:16 Scout Tower
10:30 Scout Tower
11:00 Arcane Tower
11:01 Guard Tower
11:14 Guard Tower
14:40 Town Hall
14:46 Scout Tower
14:51 Scout Tower
14:52 Scout Tower
15:34 Arcane Tower
15:35 Guard Tower
15:45 Guard Tower
15:49 Scout Tower
15:49 Scout Tower
16:07 Scout Tower
16:28 Guard Tower
16:45 Guard Tower
18:31 Scout Tower
18:31 Scout Tower
18:32 Scout Tower
18:33 Scout Tower
18:33 Scout Tower
18:34 Scout Tower
18:34 Scout Tower
19:35 Arcane Tower
19:37 Guard Tower
20:52 Arcane Tower
20:56 Guard Tower
21:43 Scout Tower
21:44 Scout Tower
21:45 Scout Tower
22:27 Arcane Tower
22:28 Guard Tower
» items
| Healing Salve | 1 | |
| Staff of Sanctuary | 3 | |
| Orb of Lightning | 2 | |
| Scroll of Town Portal | 2 | |
| Scroll of Regeneration | 1 | |
9 total
DlCKLONGASAMILE (
purple | 115 APM | 3108 actions | 27:07)
5 Blood Mage
3 Flame Strike
1 Banish
1 Siphon Mana
4 Mountain King
2 Storm Bolt
2 Bash
3 Paladin
2 Holy Light
1 Divine Shield
» actions
| Assign group hotkey | 40 | |
| Basic commands | 60 | |
| Build / train | 124 | |
| ESC pressed | 6 | |
| Enter build submenu | 58 | |
| Enter hero's abilities submenu | 12 | |
| Give item / drop item | 10 | |
| Remove unit from queue | 2 | |
| Right click | 1336 | |
| Select / deselect | 319 | |
| Select group hotkey | 923 | |
| Use ability | 218 | |
3108 total
» units
| Peasant | 28 | |
| Priest | 4 | |
| Sorceress | 2 | |
34 total
» upgrades
| Masonry | 2 | |
| Magic Sentry | 2 | |
| Sorceress Training | 2 | |
| Priest Training | 2 | |
8 total
» buildings
| Altar of Kings | 1 | |
| Farm | 6 | |
| Lumber Mill | 1 | |
| Scout Tower | 57 | |
| Arcane Tower | 4 | |
| Guard Tower | 36 | |
| Keep | 1 | |
| Castle | 1 | |
| Arcane Sanctum | 1 | |
| Arcane Vault | 1 | |
| Town Hall | 1 | |
110 total
» build order
00:14 Altar of Kings
00:22 Farm
00:53 Lumber Mill
01:00 Farm
01:14 Scout Tower
01:31 Farm
01:42 Arcane Tower
01:55 Scout Tower
02:24 Scout Tower
02:25 Guard Tower
03:10 Guard Tower
04:41 Guard Tower
04:43 Scout Tower
04:44 Scout Tower
04:45 Scout Tower
05:09 Scout Tower
05:35 Guard Tower
05:53 Guard Tower
05:54 Scout Tower
05:57 Scout Tower
05:58 Scout Tower
05:59 Scout Tower
06:23 Guard Tower
06:25 Scout Tower
06:47 Scout Tower
06:49 Scout Tower
07:25 Keep
07:26 Guard Tower
07:30 Guard Tower
07:35 Guard Tower
07:36 Guard Tower
08:36 Scout Tower
08:37 Scout Tower
08:39 Scout Tower
08:39 Scout Tower
08:40 Scout Tower
09:58 Castle
10:02 Guard Tower
10:02 Guard Tower
10:07 Arcane Sanctum
10:17 Arcane Vault
10:24 Scout Tower
11:03 Guard Tower
11:10 Scout Tower
12:12 Arcane Tower
12:15 Scout Tower
12:17 Scout Tower
12:17 Scout Tower
12:26 Farm
13:07 Farm
14:26 Guard Tower
14:26 Guard Tower
14:29 Scout Tower
14:30 Scout Tower
14:30 Scout Tower
14:31 Scout Tower
15:18 Guard Tower
15:31 Scout Tower
15:32 Scout Tower
16:20 Guard Tower
16:22 Scout Tower
16:22 Scout Tower
16:24 Scout Tower
17:28 Scout Tower
17:29 Guard Tower
17:30 Scout Tower
17:31 Scout Tower
18:27 Guard Tower
18:28 Scout Tower
18:29 Scout Tower
18:32 Scout Tower
19:18 Guard Tower
19:41 Town Hall
19:55 Guard Tower
20:25 Scout Tower
20:27 Scout Tower
20:28 Scout Tower
20:33 Scout Tower
20:35 Scout Tower
20:36 Scout Tower
20:38 Scout Tower
20:39 Scout Tower
20:56 Farm
21:31 Arcane Tower
21:31 Arcane Tower
21:58 Guard Tower
22:01 Scout Tower
22:03 Scout Tower
22:03 Scout Tower
22:04 Scout Tower
22:04 Scout Tower
22:46 Guard Tower
22:47 Guard Tower
22:51 Guard Tower
23:05 Guard Tower
26:43 Guard Tower
26:43 Guard Tower
26:44 Scout Tower
26:57 Scout Tower
26:58 Scout Tower
26:59 Scout Tower
26:59 Scout Tower
» items
| Potion of Healing | 2 | |
| Healing Salve | 1 | |
| Scroll of Regeneration | 1 | |
| Staff of Sanctuary | 4 | |
| Orb of Lightning | 5 | |
| Scroll of Speed | 2 | |
| Scroll of Town Portal | 2 | |
17 total
Gobiner (
red | 43 APM | 1160 actions | 27:07)
6 Blademaster
3 Wind Walk
2 Critical Strike
1 Bladestorm
» actions
| Assign group hotkey | 11 | |
| Basic commands | 7 | |
| Build / train | 71 | |
| ESC pressed | 2 | |
| Enter build submenu | 52 | |
| Enter hero's abilities submenu | 6 | |
| Give item / drop item | 5 | |
| Right click | 455 | |
| Select / deselect | 165 | |
| Select group hotkey | 254 | |
| Use ability | 132 | |
1160 total
» units
» upgrades
| Liquid Fire | 1 | |
| Ranged Weapons | 3 | |
| Armor | 3 | |
| Spiked Barricades | 2 | |
| Reinforced Defenses | 1 | |
10 total
» buildings
| Altar of Storms | 1 | |
| Orc Burrow | 4 | |
| War Mill | 1 | |
| Watch Tower | 49 | |
| Voodoo Lounge | 3 | |
| Stronghold | 1 | |
| Fortress | 3 | |
| Beastiary | 2 | |
| Great Hall | 1 | |
65 total
» build order
00:07 Altar of Storms
00:16 Orc Burrow
00:29 War Mill
01:40 Watch Tower
01:56 Orc Burrow
02:15 Watch Tower
02:54 Watch Tower
03:01 Voodoo Lounge
03:22 Watch Tower
03:41 Watch Tower
04:20 Stronghold
04:32 Watch Tower
05:04 Watch Tower
05:09 Watch Tower
06:09 Watch Tower
06:14 Watch Tower
06:19 Orc Burrow
06:19 Orc Burrow
06:41 Fortress
06:41 Fortress
06:41 Fortress
06:45 Beastiary
06:47 Beastiary
07:13 Watch Tower
07:16 Watch Tower
08:36 Watch Tower
08:48 Watch Tower
09:27 Voodoo Lounge
10:15 Watch Tower
10:33 Watch Tower
11:22 Voodoo Lounge
11:30 Watch Tower
11:47 Watch Tower
11:54 Watch Tower
14:34 Watch Tower
14:35 Watch Tower
14:36 Watch Tower
14:39 Watch Tower
14:40 Watch Tower
17:02 Watch Tower
17:03 Watch Tower
17:04 Watch Tower
17:05 Watch Tower
17:06 Watch Tower
17:06 Watch Tower
20:25 Watch Tower
20:26 Watch Tower
20:27 Watch Tower
21:39 Watch Tower
21:40 Watch Tower
22:42 Watch Tower
22:44 Watch Tower
23:35 Watch Tower
23:37 Watch Tower
23:38 Watch Tower
23:40 Watch Tower
23:41 Watch Tower
23:42 Watch Tower
25:17 Great Hall
25:24 Watch Tower
25:48 Watch Tower
25:49 Watch Tower
26:46 Watch Tower
26:49 Watch Tower
26:53 Watch Tower
» items
| Lesser Clarity Potion | 4 | |
| Healing Salve | 2 | |
| Orb of Lightning | 1 | |
7 total
team 2 (loser)
cube. (
teal | 47 APM | 1136 actions | 24:23)
3 Far Seer
2 Chain Lighting
1 Feral Spirit
3 Naga Sea Witch
2 Forked Lightning
1 Frost Arrows
» actions
| Basic commands | 3 | |
| Build / train | 53 | |
| Enter build submenu | 31 | |
| Enter hero's abilities submenu | 6 | |
| Remove unit from queue | 2 | |
| Right click | 656 | |
| Select / deselect | 321 | |
| Use ability | 64 | |
1136 total
» units
| Peon | 11 | |
| Grunt | 5 | |
| Wind Rider | 4 | |
| Troll Headhunter/Berserker | 7 | |
| Troll Witch Doctor | 5 | |
32 total
» upgrades
| Ranged Weapons | 2 | |
| Envenomed Spears | 1 | |
| Berserker Upgrade | 1 | |
| Witch Doctor Training | 2 | |
| Troll Regeneration | 1 | |
7 total
» buildings
| Altar of Storms | 1 | |
| Orc Burrow | 6 | |
| Barracks | 2 | |
| Voodoo Lounge | 1 | |
| War Mill | 1 | |
| Stronghold | 1 | |
| Watch Tower | 8 | |
| Beastiary | 2 | |
| Fortress | 1 | |
| Spirit Lodge | 2 | |
| Great Hall | 1 | |
26 total
» build order
00:24 Altar of Storms
00:43 Orc Burrow
00:52 Barracks
01:43 Orc Burrow
02:04 Voodoo Lounge
02:46 War Mill
03:56 Stronghold
04:00 Orc Burrow
04:56 Watch Tower
06:13 Orc Burrow
06:24 Beastiary
06:26 Beastiary
08:20 Watch Tower
08:26 Watch Tower
09:33 Watch Tower
09:40 Watch Tower
09:58 Fortress
10:57 Orc Burrow
11:03 Watch Tower
14:29 Barracks
14:33 Spirit Lodge
14:58 Watch Tower
18:44 Spirit Lodge
20:56 Great Hall
21:08 Watch Tower
22:11 Orc Burrow
» items
| Lesser Clarity Potion | 2 | |
| Healing Salve | 1 | |
| Scroll of Speed | 1 | |
4 total
ezmuthaphukine) (
blue | 118 APM | 2994 actions | 25:27)
2 Far Seer
1 Chain Lighting
1 Feral Spirit
1 Tauren Chieftain
1 Shockwave
1 Pandaren Brewmaster
1 Breath of Fire
» actions
| Assign group hotkey | 32 | |
| Basic commands | 30 | |
| Build / train | 82 | |
| ESC pressed | 1 | |
| Enter build submenu | 29 | |
| Enter hero's abilities submenu | 4 | |
| Right click | 1463 | |
| Select / deselect | 477 | |
| Select group hotkey | 785 | |
| Use ability | 90 | |
2994 total
» units
| Peon | 25 | |
| Grunt | 5 | |
| Demolisher | 3 | |
| Kodo Beast | 2 | |
| Raider | 6 | |
| Spirit Walker | 4 | |
| Tauren | 2 | |
| Troll Headhunter/Berserker | 3 | |
50 total
» upgrades
| Ensnare | 1 | |
| Spirit Walker Training | 2 | |
| Pulverize | 1 | |
| War Drums Damage Increase | 1 | |
| Burning Oil | 1 | |
| Armor | 2 | |
| Melee Weapons | 1 | |
| Ranged Weapons | 1 | |
10 total
» buildings
| Altar of Storms | 1 | |
| Orc Burrow | 6 | |
| Barracks | 1 | |
| Stronghold | 2 | |
| Voodoo Lounge | 2 | |
| Fortress | 1 | |
| Beastiary | 2 | |
| War Mill | 1 | |
| Spirit Lodge | 1 | |
| Watch Tower | 6 | |
| Tauren Totem | 2 | |
| Great Hall | 1 | |
26 total
» build order
00:10 Altar of Storms
00:23 Orc Burrow
00:37 Barracks
01:36 Orc Burrow
02:47 Stronghold
02:48 Stronghold
04:17 Orc Burrow
04:23 Voodoo Lounge
04:48 Voodoo Lounge
06:08 Orc Burrow
06:10 Fortress
06:18 Beastiary
06:43 War Mill
07:09 Spirit Lodge
09:18 Watch Tower
09:20 Watch Tower
10:43 Tauren Totem
10:47 Tauren Totem
11:50 Orc Burrow
11:54 Orc Burrow
14:54 Great Hall
19:35 Beastiary
21:59 Watch Tower
22:00 Watch Tower
22:27 Watch Tower
23:29 Watch Tower
» items
| Lesser Clarity Potion | 4 | |
| Healing Salve | 2 | |
| Scroll of Speed | 1 | |
7 total
lce. (
orange | 70 APM | 1901 actions | 27:06)
2 Far Seer
1 Feral Spirit
1 Chain Lighting
2 Shadow Hunter
1 Hex
1 Healing Wave
» actions
| Assign group hotkey | 43 | |
| Basic commands | 77 | |
| Build / train | 70 | |
| Enter build submenu | 27 | |
| Enter hero's abilities submenu | 5 | |
| Give item / drop item | 1 | |
| Right click | 840 | |
| Select / deselect | 338 | |
| Select group hotkey | 404 | |
| Use ability | 96 | |
1901 total
» units
| Peon | 8 | |
| Grunt | 4 | |
| Raider | 4 | |
| Shaman | 9 | |
| Tauren | 8 | |
| Demolisher | 2 | |
35 total
» upgrades
| Berserker Strength | 1 | |
| Pillage | 1 | |
| Shaman Training | 2 | |
| Ensnare | 1 | |
| Melee Weapons | 3 | |
| Armor | 3 | |
| Pulverize | 1 | |
12 total
» buildings
| Altar of Storms | 1 | |
| Orc Burrow | 9 | |
| Barracks | 1 | |
| Voodoo Lounge | 1 | |
| Stronghold | 4 | |
| Beastiary | 1 | |
| Spirit Lodge | 1 | |
| War Mill | 1 | |
| Fortress | 1 | |
| Watch Tower | 9 | |
| Tauren Totem | 1 | |
30 total
» build order
00:08 Altar of Storms
00:21 Orc Burrow
00:36 Barracks
01:30 Orc Burrow
01:51 Voodoo Lounge
02:56 Stronghold
02:56 Stronghold
02:56 Stronghold
04:14 Orc Burrow
04:19 Orc Burrow
05:45 Beastiary
05:48 Spirit Lodge
06:22 War Mill
08:17 Fortress
08:20 Watch Tower
08:43 Watch Tower
08:56 Watch Tower
09:14 Orc Burrow
10:14 Watch Tower
10:23 Watch Tower
11:34 Watch Tower
11:54 Orc Burrow
11:59 Tauren Totem
14:29 Watch Tower
14:34 Watch Tower
17:22 Watch Tower
18:36 Orc Burrow
19:27 Orc Burrow
19:30 Orc Burrow
» items
| Healing Salve | 1 | |
| Scroll of Speed | 2 | |
| Potion of Healing | 2 | |
| Orb of Lightning | 1 | |
6 total
Chat log
(00:17 / All) lce.: *licks gobiner*
(00:19 / All) Gobiner: I am a caring girl who loves to flip.
(00:26 / All) DlCKLONGASAMILE: tasty
(00:28 / All) ezmuthaphukine): lol
(00:29 / All) cube.: what..
(00:32 / All) lce.: HOLY SHIT THAT IICK TURN U ON?
(00:33 / All) ezmuthaphukine): i love ur name purp :D
(00:38 / All) ezmuthaphukine): LOL
(00:40 / All) cube.: i love u all
(00:40 / All) ezmuthaphukine): STOP LICKING PPL OJ
(00:56 / All) lce.: hey red where u get that spam thing from?
(01:02 / All) Gobiner: wrote it myself
(01:08 / All) ezmuthaphukine): lol
(01:08 / All) DlCKLONGASAMILE: www.hentaitubexxx.com
(01:09 / All) lce.: yea but how u spam it all fast?
(01:14 / All) Gobiner: it's a program I wrote
(01:24 / All) lce.: script writing?
(01:27 / All) Gobiner: aye
(01:56 / All) DanQuinnsAbs: im a programer for a living
(02:03 / All) DanQuinnsAbs: i mad hack detector
(02:07 / All) ezmuthaphukine): saem
(02:08 / All) lce.: i wanna spam images!
(04:27 / All) lce.: *licks red away*
(05:12 / All) lce.: why u do that red?
(05:16 / All) Gobiner: for fun
(05:19 / All) Gobiner: because I'm a caring girl
(05:26 / All) lce.: *licks red*
(08:29 / All) Gobiner: I am a caring girl who loves to flip.
(08:30 / All) lce.: *licks red*
(16:42 / All) ezmuthaphukine): dude
(16:43 / All) ezmuthaphukine): red
(16:45 / All) DlCKLONGASAMILE: out
(16:48 / All) ezmuthaphukine): srsly
(16:50 / All) ezmuthaphukine): fuckin annoyin bitch
(16:56 / All) Gobiner: you sound mad
(22:56 / All) lce.: pmg
(23:15 / All) DlCKLONGASAMILE: sup
(24:25 / All) DlCKLONGASAMILE: bye
(24:32 / All) ezmuthaphukine): sigh
(24:33 / All) ezmuthaphukine): fuckin noobs
(24:34 / All) Gobiner: I am a caring girl who loves to flip.
(24:34 / All) DlCKLONGASAMILE: 2ez
(24:39 / All) DlCKLONGASAMILE: *licks blue(
(25:08 / Allies) Gobiner: lumber please
(25:24 / All) ezmuthaphukine): Wow
(25:26 / All) ezmuthaphukine): fuckin noovs
(25:32 / All) DlCKLONGASAMILE: nice lvl 2 heroes there
(25:38 / All) DlCKLONGASAMILE: how do you manage
(25:39 / All) lce.: ty they look so sexy
(25:45 / All) lce.: kinda hard
(26:05 / All) Gobiner: 8) Blame Icefrog
(26:16 / All) lce.: hmm
(26:18 / All) lce.: i choose 3
(26:21 / All) lce.: =]
(26:27 / All) lce.: hey where u get that thing from?
(26:31 / All) lce.: that mass typing thing?
(26:37 / All) DlCKLONGASAMILE: skills
(26:37 / All) Gobiner: I already said I programmed it myself
(26:37 / All) DanQuinnsAbs: he wrote it
(26:40 / All) DanQuinnsAbs: are you a goldfish?
(26:54 / All) DanQuinnsAbs: it would explain your memory and also micro
(26:56 / All) DanQuinnsAbs: or lack of
(27:03 / All) lce.: i just dont feel like playing =/
(27:05 / All) lce.: cya